 Dungeon Crawl Stone Soup version 0.30.1 (webtiles) character file.

Game seed: 11897455238448392436

253 FallenXxXSky the Slasher (level 6, -5/47 HPs)
             Began as a Human Monk on July 8, 2023.
             Killed by nerve-wracking pain
             ... invoked by a shadow imp
              (13 damage)
             ... on level 7 of the Dungeon.
             The game lasted 00:05:18 (2905 turns).

FallenXxXSky the Slasher (Human Monk)               Turns: 2905, Time: 00:05:18

Health: -5/47      AC:  7    Str: 13    XL:     6   Next: 37%
Magic:  6/6        EV: 10    Int: 11    God:
Gold:   119        SH:  5    Dex: 15    Spells: 5/5 levels left

rFire   . . .        a - +0 falchion
rCold   . . .        d - orb {light}
rNeg    . . .        p - +1 scale mail
rPois   +            (no helmet)
rElec   .            h - scarf {+Inv}
rCorr   .            (no gloves)
SInv    .            (no boots)
Will    .....        b - amulet of reflection Stlth
                     l - ring of poison resistance
HPRegen 0.27/turn    (no ring)
MPRegen 0.10/turn

%: reflection
@: brilliant, glowing
A: no striking features
a: Evoke Invisibility


You were on level 7 of the Dungeon.
You visited 1 branch of the dungeon, and saw 6 of its levels.

You collected 119 gold pieces.

Inventory:

Hand Weapons
 a - a +0 falchion (weapon)
Armour
 d - an orb of light (worn)
 h - a scarf of invisibility (worn)
 p - a +1 scale mail (worn)
Jewellery
 b - an amulet of reflection (around neck)
 l - a ring of poison resistance (left hand)
Wands
 s - a wand of flame (18)
Scrolls
 f - a scroll of identify
 i - 2 scrolls of enchant weapon
 n - 2 scrolls of immolation
Potions
 c - a potion of ambrosia
 e - a potion of curing
 g - a potion of lignification
 j - a potion of brilliance


   Skills:
 - Level 3.0 Fighting
 * Level 6.0 Long Blades
 - Level 3.0 Dodging
 + Level 2.6 Evocations


You had 5 spell levels left.
You didn't know any spells.
Your spell library contained the following spells:

 Spells                   Type           Power      Damage    Failure   Level
 Summon Small Mammal      Summ           0%         N/A       87%         1
 Blink                    Tloc           0%         N/A       95%         2
 Lesser Beckoning         Tloc           0%         N/A       95%         2
 Momentum Strike          Conj/Tloc      0%         3d8       95%         2
 Scorch                   Fire           0%         2d5       95%         2
 Sublimation of Blood     Necr           0%         N/A       95%         2
 Wereblood                Tmut           0%         N/A       95%         2
 Call Canine Familiar     Summ           0%         N/A       99%         3
 Summon Guardian Golem    Hex/Summ       0%         N/A       99%         3
 Flame Wave               Conj/Fire      0%         2d4       100%        4
 Summon Cactus Giant      Summ           0%         N/A       100%        6
 Summon Hydra             Summ           0%         N/A       100%        7


Dungeon Overview and Level Annotations

Branches:
Dungeon (7/15)
 Temple: D:4-7

Altars:
Gozag
Zin

Annotations:
D:3 2 runed translucent doors, Babbit's ghost, amateur GrFi


Message History

As you read the scroll labelled JUTIEH RION, it crumbles to dust.
Your body is wracked with pain!
The orc wizard convulses!
The hornet convulses!
The orc warrior convulses!
The orc convulses! x2; The orc wizard convulses!
It was a scroll of torment.
You block the hornet's attack.
The orc wizard hits you with a +0 dagger.
The orc warrior hits you with a +0 mace!
* * * LOW HITPOINT WARNING * * *
As you read the scroll labelled LEOKAEJ ROSEA, it crumbles to dust.
You assume a fearsome visage.
The orc warrior looks frightened!
The orc looks frightened!
The orc wizard looks frightened! x2
The orc looks frightened!
The hornet looks frightened!
It was a scroll of fear.
The orc wizard mumbles some strange words.
The orc wizard flickers and vanishes!
Deactivating autopickup; reactivate with Ctrl-A.
The orc wizard casts a spell.
The orc wizard flickers and vanishes for a moment.
As you read the scroll labelled CAETATRO DUYM, it crumbles to dust.
It is a scroll of amnesia.
You feel forgetful for a moment.
The orc wails, "Help!"
As you read the scroll labelled ADOENUM YFOICH, it crumbles to dust.
It is a scroll of enchant armour.
Your +0 scale mail glows green for a moment.
It was a potion of brilliance.
You feel clever all of a sudden.
A shadow imp comes into view.
The shadow imp shouts, "Taste defeat, thou peaked limp-willed foot-licker!"
Cornered, the hornet turns to fight!
The orc priest barely misses you.
You hit the orc priest.
The orc priest is moderately wounded.
An orc comes into view. It is wielding a +0 short sword.
You barely miss the orc priest.
The orc priest is moderately wounded.
Cornered, the orc turns to fight!
The orc priest hits you but does no damage.
The orc hits you from afar with a +0 trident!
* * * LOW HITPOINT WARNING * * *
The shadow imp gestures at you. Pain shoots through your body!
You die...

#.###...### #...#
#..'.....o# .....
#.##o.....#..o...
#.#.5.....#..oo..
#.#.......'....oo
#.#......o#......
#.##....oo# .....
#..'......# ....
#.###.o@### o.# #.#
#.#'# .#
#.#####.......# #
#'#.# .........
###...##.........
#......+.........
###......##.......#
#.#.......#.......#
#.'...(...####'####


You could see an orc warrior (fleeing), an orc priest, a shadow imp and 4 orcs.

Vanquished Creatures
  A sky beast (D:4)
  A sleepcap (D:4)
  4 adders
  An ufetubus (D:7)
  3 worms
  A dart slug (D:3)
  8 orcs
  7 endoplasms
  4 giant cockroaches
  9 goblins
  3 hobgoblins
  A quokka (D:1)
  5 ball pythons
  8 bats
  10 kobolds
  11 rats
77 creatures vanquished.

Notes
Turn   | Place    | Note
-------+----------+-------------------------------------------
     0 | D:1      | FallenXxXSky the Human Monk began the quest for the Orb.
     0 | D:1      | Reached XP level 1. HP: 18/18 MP: 1/1
   120 | D:1      | Reached XP level 2. HP: 13/24 MP: 2/2
   453 | D:1      | Reached skill level 4 in Long Blades
   453 | D:1      | Reached XP level 3. HP: 29/29 MP: 3/3
   625 | D:1      | Found a faded altar of an unknown god.
   825 | D:2      | Found a glowing silver altar of Zin.
  1161 | D:2      | Reached XP level 4. HP: 35/35 MP: 4/4
  1194 | D:2      | Reached skill level 1 in Evocations
  1472 | D:3      | Found a large runed translucent door.
  1598 | D:3      | Reached skill level 5 in Long Blades
  1598 | D:3      | Reached XP level 5. HP: 36/41 MP: 5/5
  1731 | D:3      | Found a large runed translucent door.
  1934 | D:3      | Noticed Babbit's ghost (amateur GrFi)
  2141 | D:4      | Noticed a sky beast
  2520 | D:4      | Killed a sky beast
  2521 | D:4      | Reached XP level 6. HP: 11/47 MP: 6/6
  2731 | D:4      | Reached skill level 6 in Long Blades
  2740 | D:4      | Found an opulent altar of Gozag.
  2744 | D:4      | You fall into a shaft and drop 2 floors!
  2888 | D:7      | Noticed an orc warrior
  2895 | D:7      | Noticed a hornet
  2905 | D:7      | Killed from afar by a shadow imp

Illustrated notes

Levels and vault maps discovered:
D:1:      minmay_arrival_stair_chambers, layout_basic,
          ebering_ecumenical_altar_sacrificial, minmay_misc_feat_roman,
          minmay_misc_feat_enclosed
D:2:      layout_rooms, basic_altar, grunt_ministairs_5
D:3:      layout_loops_ring, ebering_ghost_disaster_area, minmay_bisected
D:4:      layout_layer_cave, mainiacjoe_overflow_chevrons,
          nicolae_overflow_hidden_temple, gammafunk_temple_overflow_statue
D:6:      layout_loops_ring, mainiacjoe_overflow_small_starburst,
          minmay_temple_entry_proselytizer, serial_bayou, serial_bayou_shore_b,
          serial_bayou_crossing, serial_bayou_pond_c, serial_bayou_pond_a,
          kennysheep_boxes
D:7:      nicolae_cairo_tiling_very_big, layout_loops_ring,
          mainiacjoe_overflow_alcove_1, mainiacjoe_overflow_alcove_4,
          roderic_roman_lattice, nicolae_shop_overcharged_wands

Skill      XL: |  1  2  3  4  5  6 |
---------------+-------------------+-----
Long Blades    | 4 5 6 |  6.0
Evocations     | 1 2 |  2.6
Fighting       | |  3.0
Dodging        | |  3.0

Action                     |  1- 3 |  4- 6 || total
---------------------------+-------+-------++-------
  Melee: Falchion          |   102 |   132 ||   234
    Use: Potion            |       |     3 ||     3
         Scroll            |       |     8 ||     8
 Armour: Robe              |     5 |       ||     5
         Ring mail         |    37 |    28 ||    65
         Scale mail        |       |    25 ||    25
  Dodge: Dodged            |    64 |    65 ||   129
  Block: Orb               |       |    14 ||    14
